 Seeded DCSS version 0.29.1-4-g47bece8355 (webtiles) character file.

Game seed: 15482173601955151116 (custom seed)

277 kingsuperguy the Trooper (level 6, 0/56 HPs)
             Began as a Minotaur Fighter on Dec 7, 2022.
             Splashed by a jelly's acid (11 damage)
             ... on level 4 of the Dungeon.
             The game lasted 00:03:08 (2973 turns).

kingsuperguy the Trooper (Minotaur Fighter)         Turns: 2973, Time: 00:03:11

Health: 0/56       AC:  0    Str: 23    XL:     6   Next: 4%
Magic:  5/5        EV:  9    Int: 17    God:
Gold:   94         SH:  4    Dex:  9    Spells: 5/5 levels left

rFire   . . .      SeeInvis .   a - +0 war axe
rCold   . . .      Faith    .   c - +0 buckler
rNeg    . . .      Spirit   .   b - +0 scale mail
rPois   .          Reflect  .   (helmet restricted)
rElec   .          Harm     .   (no cloak)
rCorr   .          Rampage  .   (no gloves)
Will    .....                   (no boots)
Stlth   ..........              m - amulet of the acrobat
HPRegen 0.18/turn               k - +6 ring of intelligence
MPRegen 0.09/turn               g - +6 ring of intelligence

@: corroded
A: horns 2, retaliatory headbutt
a: no special abilities


You were on level 4 of the Dungeon.
You visited 1 branch of the dungeon, and saw 4 of its levels.

You collected 94 gold pieces.

Inventory:

Hand Weapons
 a - a +0 war axe (weapon)
Missiles
 n - 5 javelins (quivered)
Armour
 b - a +0 scale mail (worn)
 c - a +0 buckler (worn)
Magical Staves
 v - a staff of earth
Jewellery
 g - a +6 ring of intelligence (right hand)
 k - a +6 ring of intelligence (left hand)
 m - an amulet of the acrobat (around neck)
 o - a ring of fire
Wands
 p - a wand of charming (11)
Scrolls
 f - a scroll of identify
 h - a scroll of enchant weapon {unknown}
 r - a scroll of noise
 t - a scroll of teleportation {unknown}
Potions
 d - 2 potions of might
 e - a potion of resistance {unknown}
 j - a potion of heal wounds {unknown}
 l - a potion of haste {unknown}
 q - a potion of brilliance {unknown}
 s - a potion of magic {unknown}
 u - a potion of degeneration {unknown}


   Skills:
 + Level 5.1 Fighting
 + Level 4.3 Axes
 + Level 5.1 Armour
 + Level 5.1 Shields


You had 5 spell levels left.
You didn't know any spells.
Your spell library contained the following spells:

 Spells                   Type           Power      Damage    Failure   Level
 Ozocubu's Armour         Ice            0%         N/A       91%         3
 Stone Arrow              Conj/Erth      0%         3d7       91%         3
 Animate Armour           Summ/Erth      0%         N/A       100%        4
 Ozocubu's Refrigeration  Ice            0%         4d7       100%        7
 Lehudib's Crystal Spear  Conj/Erth      0%         10d2      100%        8


Dungeon Overview and Level Annotations

Branches:
Dungeon (4/15)
 Temple: D:4-7

Altars:
Trog


Innate Abilities, Weirdness & Mutations

You have a pair of horns on your head.
You reflexively headbutt those who attack you in melee.


Message History

There are monsters nearby!
You closely miss the hound. Your headbutt misses the hound.
You slash the jelly!
Your hands burn!
The hound bites you but does no damage. The hound bites you.
The jelly hits you but does no damage.
You miss the hound. You hit the jelly. The acid corrodes you!
Your hands burn!
The hound bites you. The jelly hits you.
You are splashed with acid!
The hound bites you but does no damage.
You hit the hound but do no damage. You hit the jelly but do no damage.
Your hands burn!
You block the hound's attack.
The orc priest calls down the wrath of Beogh upon you.
Beogh smites you!
* * * LOW HITPOINT WARNING * * *
The jelly hits you but does no damage. The hound bites you.
* * * LOW HITPOINT WARNING * * *
Okay, then.
As you read the scroll labelled BIFUPASKEGIT, it crumbles to dust.
It is a scroll of identify.
r - a scroll of noise The jelly closely misses you.
The hound bites you.
* * * LOW HITPOINT WARNING * * *
It was a potion of curing.
You feel better. You block the hound's attack.
You hear some strange, mumbled words.
You are confused.
The jelly hits you but does no damage.
The orc priest calls down the wrath of Beogh upon you.
Beogh smites you!
* * * LOW HITPOINT WARNING * * *
The hound bites you but does no damage.
You feel better. The jelly barely misses you. Something hits you.
* * * LOW HITPOINT WARNING * * *
The hound bites you.
* * * LOW HITPOINT WARNING * * *
You feel better. The hound bites you.
* * * LOW HITPOINT WARNING * * *
Something hits you.
* * * LOW HITPOINT WARNING * * *
The orc priest closely misses you. The jelly hits you.
* * * LOW HITPOINT WARNING * * *
The acid corrodes you!
You are splashed with acid!
You die...

)†###........# ..#
#........# ....... ..#
#.##.....# ....... ..#
#.##.....# .......
+#....##.....# .......
....##.....####.......
....##.........o....#
...##.........hJ....#
..##.†.......@.o...#
.##...............#
#...............#
#.<.............#
#.....###...#####
#.....# #...+ #......
#...# #...... #...#
##..... #...#


You could see a hound, a jelly, an orc priest and an orc.

Vanquished Creatures
  An ice beast (D:4)
  2 orc priests (D:3)
  6 adders
  A worm (D:2)
  2 dart slugs
  3 orcs (D:3)
  6 bats
  4 giant cockroaches
  8 goblins
  4 hobgoblins
  6 jackals
  7 ball pythons
  4 frilled lizards (D:1)
  11 kobolds
  8 rats
73 creatures vanquished.

Notes
Turn   | Place    | Note
-------+----------+-------------------------------------------
     0 | D:1      | kingsuperguy the Minotaur Fighter began the quest for the
                  | Orb.
     0 | D:1      | Reached XP level 1. HP: 19/19 MP: 0/0
   241 | D:1      | Reached XP level 2. HP: 26/27 MP: 1/1
   866 | D:2      | Found a faded altar of an unknown god.
   873 | D:2      | Reached XP level 3. HP: 30/33 MP: 2/2
  1823 | D:3      | Reached XP level 4. HP: 26/41 MP: 3/3
  2115 | D:3      | Reached XP level 5. HP: 38/47 MP: 4/4
  2608 | D:3      | Found a bloodstained altar of Trog.
  2943 | D:4      | Noticed an ice beast
  2951 | D:4      | Killed an ice beast
  2952 | D:4      | Reached skill level 5 in Fighting
  2952 | D:4      | Reached skill level 5 in Armour
  2952 | D:4      | Reached skill level 5 in Shields
  2952 | D:4      | Reached XP level 6. HP: 56/56 MP: 5/5
  2973 | D:4      | Splashed by a jelly's acid

Illustrated notes

Levels and vault maps discovered:
D:1:      sevenhm_arrival_forest_fort_small_3, layout_basic
D:2:      layout_loops_cross, serial_forest, infiniplex_forest_end_3,
          infiniplex_forest_clump_small, infiniplex_forest_lined_2,
          infiniplex_forest_end_1, infiniplex_forest_lined_corner,
          nicolae_ecumenical_pavilion
D:3:      layout_basic, trog_book, hangedman_glass_teeth
D:4:      layout_basic, kennysheep_mini, minitemple

Skill      XL: |  1  2  3  4  5 |
---------------+----------------+-----
Fighting       | 4 5 |  5.1
Shields        | 4 5 |  5.1
Armour         | 4 5 |  5.1
Axes           | 3 4 |  4.3

Action                   |  1- 3 |  4- 6 || total
-------------------------+-------+-------++-------
Melee: War axe           |    93 |    80 ||   173
       Headbutt          |     3 |    13 ||    16
  Use: Potion            |       |     3 ||     3
       Scroll            |       |     1 ||     1
Armor: Scale mail        |    46 |    40 ||    86
Dodge: Dodged            |    48 |    43 ||    91
Block: Buckler           |    23 |    22 ||    45
